 Dungeon Crawl Stone Soup version 0.17-a0-1481-gfdcec5c (webtiles) character file.

69 Parakulo the Charlatan (level 4, 0/32 HPs)
             Began as a Demonspawn Artificer on July 4, 2015.
             Succumbed to a killer bee's poison
             ... on level 2 of the Dungeon.
             The game lasted 00:04:26 (1324 turns).

Parakulo the Charlatan (Demonspawn Artificer)       Turns: 1324, Time: 00:04:26

Health: 0/32       AC:  5    Str: 11    XL:     4   Next: 2%
Magic:  7/7        EV: 11    Int: 15    God:
Gold:   68         SH:  2    Dex: 13    Spells: 0 memorised, 3 levels left

rFire  . . .     SeeInvis .     a - +0 short sword
rCold  . . .     Clarity  .     b - +0 leather armour
rNeg   . . .     SustAt   .     (no shield)
rPois  .         Gourm    .     (no helmet)
rElec  .         Spirit   .     (no cloak)
rCorr  .         Warding  .     (no gloves)
rMut   .         Stasis   .     (no boots)
MR     .....                    (no amulet)
Stlth  +.........               (no ring)
                                (no ring)

@: lethally poisoned (0 -> -6), not resistant to hostile enchantments, very
unstealthy
A: claws 1, large bone plates 1
a: no special abilities


You were on level 2 of the Dungeon.
You were hungry.

You visited 1 branch of the dungeon, and saw 2 of its levels.

You collected 68 gold pieces.

Inventory:

Hand weapons
 a - a +0 short sword (weapon)
Armour
 b - a +0 leather armour (worn)
Magical devices
 c - a wand of flame (12)
 d - a wand of enslavement (15)
 e - a wand of random effects (8)
Scrolls
 h - a scroll of identify
Potions
 g - a potion of magic
Comestibles
 f - 2 bread rations
 m - 2 chunks of flesh


   Skills:
 + Level 1.4 Fighting
 - Level 1.0 Short Blades
 - Level 1.7 Dodging
 - Level 0.8 Stealth
 + Level 4.7 Evocations


You had 3 spell levels left.
You didn't know any spells.

Dungeon Overview and Level Annotations

Branches:
Dungeon (2/15)

Altars:


Innate Abilities, Weirdness & Mutations

You have sharp fingernails.
You are partially covered in large bone plates (AC +2, SH +2).


Message History

Large bone plates grow over parts of your arms.
This wand has 12 charges left.
Drink which item? (? for menu, Esc to quit)
Okay, then.
Evoke which item? (* to show all) (? for menu, Esc to quit)
Zapping:
e - a wand of random effects (10)
Press: ? - help, Shift-Dir - straight line, f - hobgoblin
Aim: a hobgoblin, wielding a club The hobgoblin appears confused.
This wand has 9 charges left.
* * * LOW HITPOINT WARNING * * *
You feel sick.
Evoke which item? (* to show all) (? for menu, Esc to quit)
Zapping:
e - a wand of random effects (9)
Press: ? - help, Shift-Dir - straight line, f/p - hobgoblin
Aim: a hobgoblin, wielding a club (confused)
The bolt of negative energy hits the hobgoblin.
The hobgoblin is drained!
You kill the hobgoblin!
This wand has 8 charges left.
You die...

.........# #....#.# #
......... #......# #
........########...### #
............##.......# #
............##.##.##.###
........##..##.#........
...#.##.)...........(###
## #. #†##..##.##.##.# #
#.##@##..##......<# #
#........##.##.##.#
###.#.##### #.##.# #...#
#.##.# ###.# .. ..#
##.## .## # #.#.# . #
#..## .. # #.## #


There were no monsters in sight!

Vanquished Creatures
  A killer bee (D:2)
  2 giant geckos (D:1)
  A giant cockroach (D:2)
  4 hobgoblins
  2 kobolds (D:1)
  A ball python (D:1)
  3 bats
  5 giant newts (D:1)
  4 goblins (D:1)
  5 rats (D:1)
28 creatures vanquished.

Notes
Turn   | Place    | Note
--------------------------------------------------------------
     0 | D:1      | Parakulo the Demonspawn Artificer began the quest for the Orb.
     0 | D:1      | Reached XP level 1. HP: 15/15 MP: 3/3
   420 | D:1      | Reached skill level 1 in Short Blades
   442 | D:1      | Gained mutation: You have sharp fingernails. [demonic ancestry]
   442 | D:1      | Reached XP level 2. HP: 19/21 MP: 4/4
   880 | D:1      | Reached skill level 4 in Evocations
  1314 | D:2      | Noticed a killer bee
  1314 | D:2      | an adder changed into a killer bee
  1321 | D:2      | HP: 1/21 [killer bee (6)]
  1322 | D:2      | Killed a killer bee
  1322 | D:2      | Reached XP level 3. HP: 1/26 MP: 6/6
  1322 | D:2      | Gained mutation: You are partially covered in large bone plates (AC +2, SH +2). [demonic ancestry]
  1322 | D:2      | Reached XP level 4. HP: 1/32 MP: 7/7
  1324 | D:2      | Succumbed to a killer bee's poison

Vault maps used:
D:1:      matt_arrival_grand_opening, wad_floor_pattern_untrapped, minivault_23
D:2:      ecumenical_altar_2, minivault_23

Action                   |  1- 3 |  4- 6 || total
-------------------------+-------+-------++-------
Melee: Short sword       |    83 |       ||    83
Evoke: Wand              |     7 |     3 ||    10
  Use: Potion            |     4 |       ||     4
       Scroll            |     3 |       ||     3
  Eat: Chunk             |     1 |       ||     1
